 Dungeon Crawl Stone Soup version 0.25-a0-576-g50b708a (webtiles) character file.

Game seed: 10034919086546594452, levelgen mode: deterministic

66311 15 the Summoner (level 15, -2/113 HPs)
             Began as a Barachi Summoner on Feb 28, 2020.
             Was a High Priest of Sif Muna.
             Incinerated by a smoke demon (5 damage)
             ... with a sticky flame
             ... on level 2 of the Orcish Mines on Mar 1, 2020.
             The game lasted 03:28:47 (34774 turns).

15 the Summoner (Barachi Summoner)                 Turns: 34774, Time: 03:28:48

Health: -2/113     AC: 12    Str: 13    XL:     15   Next: 19%
Magic:  23/29      EV: 16    Int: 19    God:    Sif Muna [*****.]
Gold:   1436       SH:  5    Dex: 12    Spells: 5/35 levels left

rFire    . . .     SeeInvis +   P - +8 trident of the Octopus King {venom, rElec rPois MR+}
rCold    . . .     Gourm    .   O - +0 buckler
rNeg     . . .     Faith    .   D - +0 acid dragon scales
rPois    +         Spirit   .   z - +1 hat
rElec    +         Reflect  .   (no cloak)
rCorr    +         Harm     .   B - +0 pair of gloves
MR       ++...                  V - +0 pair of boots
Stlth    +.........             (no amulet)
HPRegen  0.28/turn              t - ring of see invisible
MPRegen  0.21/turn              E - ring of poison resistance

@: liquid flames, about to teleport, can't hop, glowing, slow
A: +LOS, swims, slowness 1, strong legs 2
a: Hop, Channel Magic, Forget Spell, Divine Exegesis, Renounce Religion


You were on level 2 of the Orcish Mines.
You worshipped Sif Muna.
Sif Muna was extremely pleased with you.
You were not hungry.

You visited 4 branches of the dungeon, and saw 23 of its levels.

You collected 2146 gold pieces.
You spent 710 gold pieces at shops.

Inventory:

Hand Weapons
 e - a +1 whip of electrocution
 k - a +1 rapier of freezing
 y - the +1 hand crossbow of Miorozuh {vorpal, rPois rC+ rN+ MR+}
   (You found it on level 1 of the Lair of Beasts)

   Any bolt fired from it inflicts extra damage.
   It protects you from cold.
   It protects you from poison.
   It protects you from negative energy.
   It affects your resistance to hostile enchantments.
 H - the +7 great sword of Haiwac {holy, rPois Int+7 Dex-5 Stlth-}
   (You found it on level 6 of the Lair of Beasts)

   It has been blessed by the Shining One to cause great damage to the undead
   and demons.
   It affects your intelligence (+7).
   It affects your dexterity (-5).
   It protects you from poison.
   It makes you less stealthy.
 I - the +2 dagger of Japotsuci {drain, rElec}
   (You found it on level 9 of the Dungeon)

   A truly terrible weapon, it drains the life of those it strikes.
   It insulates you from electricity.
 L - a +0 morningstar of protection
 P - the +8 trident of the Octopus King (weapon) {venom, rElec rPois MR+}
   (You found it on level 1 of the Lair of Beasts)

   It poisons the flesh of those it strikes.
   It insulates you from electricity.
   It protects you from poison.
   It affects your resistance to hostile enchantments.
 Z - a +5 double sword of draining
Missiles
 F - 157 bolts
Armour
 z - a +1 hat (worn)
 B - a +0 pair of gloves (worn)
 D - +0 acid dragon scales (worn)
 G - a +2 robe of resistance
 N - a +2 robe of positive energy
 O - a +0 buckler (worn)
 V - a +0 pair of boots (worn)
Magical Staves
 f - an uncursed staff of earth
 g - an uncursed staff of power
 K - an uncursed staff of air
Jewellery
 a - an uncursed ring of ice
 t - a ring of see invisible (left hand)
 x - an uncursed ring of fire
 E - a ring of poison resistance (right hand)
Wands
 s - a wand of enslavement (10)
 u - a wand of polymorph (43)
 A - a wand of digging (7)
 U - a wand of iceblast (11)
Scrolls
 b - 10 scrolls of remove curse
 d - a scroll of enchant weapon
 n - 2 scrolls of fog
 o - a scroll of silence
 q - 4 scrolls of amnesia
 v - 5 scrolls of enchant armour
 w - 7 scrolls of teleportation
 W - 2 scrolls of magic mapping
 X - a scroll of brand weapon
Potions
 h - 6 potions of cancellation
 i - 5 potions of haste
 j - 9 potions of curing
 p - 4 potions of flight
 r - 2 potions of mutation
 C - 3 potions of heal wounds
 J - a potion of berserk rage
 M - 4 potions of brilliance
 R - 2 potions of lignification
 S - a potion of stabbing
 Y - a potion of might
Miscellaneous
 l - 4 sacks of spiders
 Q - a lamp of fire (inert)
 T - a lightning rod (3/4)
Comestibles
 c - 20 rations
 m - 15 chunks of flesh


   Skills:
 + Level 9.3 Fighting
 - Level 0.3 Short Blades
 - Level 6.0 Maces & Flails
 + Level 1.2 Polearms
 + Level 9.2 Armour
 + Level 9.5 Dodging
 - Level 5.1 Stealth
 + Level 6.1 Shields
 * Level 10.5 Spellcasting
 + Level 5.8 Conjurations
 - Level 0.6 Hexes
 * Level 11.2 Summonings
 - Level 4.4 Necromancy
 + Level 10.0 Ice Magic
 - Level 1.4 Air Magic
 - Level 5.1 Earth Magic
 + Level 6.9 Invocations
 + Level 7.8 Evocations


You had 5 spell levels left.
You knew the following spells:

 Your Spells              Type           Power        Failure   Level  Hunger
b - Call Imp              Summ           ######..     1%          2    None
c - Call Canine Familiar  Summ           ######..     1%          3    None
d - Summon Guardian Gole  Hex/Summ       ####....     2%          3    None
e - Summon Ice Beast      Ice/Summ       ######..     1%          4    ##.....
f - Summon Lightning Spi  Summ/Air       ####....     7%          4    ##.....
g - Dazzling Flash        Conj/Hex       ###...       8%          3    None
h - Borgnjor's Vile Clut  Necr/Erth      ####......   36%         5    ####...
i - Mephitic Cloud        Conj/Pois/Air  ###.....     11%         3    None
j - Ignite Poison         Fire/Tmut/Pois ##......     28%         3    None

Your spell library contained the following spells:

 Spells                   Type           Power        Failure   Level  Hunger
 Magic Dart               Conj           ####         1%          1    None
 Sandblast                Erth           ####..       1%          1    None
 Summon Butterflies       Summ           ######..     1%          1    None
 Summon Small Mammal      Summ           ####         1%          1    None
 Ensorcelled Hibernation  Hex/Ice        ####..       1%          2    None
 Frozen Ramparts          Ice            #####.       1%          3    None
 Ozocubu's Armour         Chrm/Ice       ####....     3%          3    None
 Corpse Rot               Necr/Air       N/A          4%          2    None
 Vampiric Draining        Necr           ####......   4%          3    None
 Corona                   Hex            ##.....      8%          1    None
 Conjure Flame            Conj/Fire      ###.....     9%          3    None
 Beastly Appendage        Tmut           ##....       10%         1    None
 Infusion                 Chrm           ##..         10%         1    None
 Slow                     Hex            ##......     11%         2    None
 Swiftness                Chrm/Air       ##......     11%         2    None
 Ice Form                 Ice/Tmut       ####....     12%         4    ##.....
 Blink                    Tloc           N/A          14%         2    None
 Shroud of Golubria       Chrm/Tloc      ##....       14%         2    None
 Song of Slaying          Chrm           ##......     14%         2    None
 Sticks to Snakes         Tmut           ##......     14%         2    None
 Animate Dead             Necr           N/A          16%         4    ##.....
 Confusing Touch          Hex            ##......     22%         3    None
 Tukima's Dance           Hex            ##......     22%         3    None
 Summon Mana Viper        Hex/Summ       ####....     24%         5    ####...
 Spider Form              Tmut/Pois      ##........   28%         3    None
 Leda's Liquefaction      Hex/Erth       ###.......   28%         4    ##.....
 Metabolic Englaciation   Hex/Ice        ####......   30%         5    ####...
 Blade Hands              Tmut           ##........   95%         5    ####...
 Shadow Creatures         Summ           N/A          14%         6    ######.
 Simulacrum               Ice/Necr       #####.....   58%         6    ######.
 Monstrous Menagerie      Summ           ######....   63%         7    #######
 Summon Greater Demon     Summ           ######....   63%         7    #######
 Death Channel            Necr           ####......   93%         6    ######.
 Spellforged Servitor     Conj/Summ      #####.....   94%         7    #######
 Summon Horrible Things   Summ           ######....   99%         8    #######
 Malign Gateway           Summ/Tloc      ####......   100%        7    #######
 Dragon's Call            Summ           ######....   100%        9    #######
 Shatter                  Erth           ####......   100%        9    #######


Dungeon Overview and Level Annotations

Branches:
Dungeon (14/15)            Temple (1/1) D:4            Lair (6/6) D:11
  Swamp (0/4) Lair:3       Spider (0/4) Lair:3        Slime (0/5) Lair:6
    Orc (2/2) D:11            Elf (0/3) Orc:2
 Vaults: D:13-14

Altars:
Ashenzari
Cheibriados
Dithmenos
Elyvilon
Fedhas
Gozag
Hepliaklqana
Kikubaaqudgha
Makhleb
Nemelex Xobeh
Okawaru
Qazlal
Ru
Sif Muna
Trog
Uskayaw
Vehumet
Wu Jian
Xom
Yredelemnul
Zin
The Shining One
Beogh

Shops:
D:9 *   Orc:2 :!

Portals:
Trove: D:12 (give 15 potions of curing)

Annotations:
D:5 2 runed translucent doors, Smoke131's ghost, novice OgHu
D:10 3 runed translucent doors, 15's ghost, journeyman BaSk
D:11 3 runed translucent doors, Charmandara's ghost, journeyman OgNe
D:14 Louise


Innate Abilities, Weirdness & Mutations

You can be seen from farther away. (+LOS)
You can swim through water.
You cover ground slowly.
You can hop long distances.


Message History

Beogh smites you!
Items here: )))) [[[[
Casting: Call Imp (safe; 1% risk of failure)
Confirm with . or Enter, or press ? or * to list all spells.
A chill wind blows around you. The smoke demon gestures at you.
The sticky flame hits you.
You are covered in liquid flames!
* * * LOW HITPOINT WARNING * * *
Okay, then.
As you read the scroll of teleportation, it crumbles to dust.
You feel strangely unstable.
You are covered in liquid flames!
* * * LOW HITPOINT WARNING * * *
The smoke demon gestures at you. The ball of steam hits you!!
* * * LOW HITPOINT WARNING * * *
You swap places.
You are covered in liquid flames!
You die...

###..###)###'#####.##..).#.....#
#.###..(..........##...##...5.#
#### #.##'##....#####...#.....##
######.#...#....#..##§)##.....###
'§.....#...#)5..'..#§..#......##.
#.####.#####)####..#.........##..
#.#..#..........####.)......##...
#.'..#.....####)####38...8...8...
..#).#..⌠..#..#.@Y§§.)...........
#.####.....#..'.####[8)..8...8...
#..........#..#.####........##...
####.#####.####)#..#.).......##..
'..))#...#......'..#)..#......##.
#....#...#.#...)#..##.)##.....###
#....##'##.#....#####..)#.....##
#..........#.......##.).##..)..#
'.##'###.###'#####.##....#.....##


You could see a friendly ice beast.

Vanquished Creatures
  Jorgrun (D:13)
  Nessos (Orc:2)
  A hydra (Lair:6)
  A catoblepas (Lair:2)
  Erica (Orc:1)
  A centaur warrior (D:14)
  6 two-headed ogres
  A merfolk avatar (Lair:6)
  3 death yaks (Lair:6)
  3 orc high priests (Orc:2)
  A sea snake (Lair:6)
  2 skeletal warriors (D:14)
  An unseen horror (D:13)
  A phantasmal warrior (D:13)
  An orc knight (Orc:1)
  Pikel (D:7)
  2 ugly things
  2 orc sorcerers (Orc:2)
  2 oklob plants (D:11)
  A cyclops (D:13)
  A manticore (D:12)
  8 elephants
  A black mamba (Lair:3)
  Psyche (D:10)
  A centaur zombie (D:12)
  A centaur skeleton (D:14)
  7 spiny frogs
  A kobold demonologist (D:11)
  6 komodo dragons
  4 rime drakes (Lair:6)
  2 trolls
  4 polar bears (Lair:6)
  2 hornets
  3 blink frogs
  3 dream sheep (Lair:4)
  3 hippogriffs
  A redback (Lair:3)
  A shadow (D:12)
  3 vampires (D:13)
  3 wyverns
  3 wraiths (Orc:1)
  10 yaks
  Eustachio (D:5)
  2 wargs (Orc:2)
  12 water moccasins
  6 porcupines
  4 phantoms
  24 orc warriors
  3 black bears
  A necrophage (D:12)
  8 wolves
  9 ogres
  6 centaurs
  5 crocodiles
  2 big kobolds
  13 bullfrogs
  2 scorpions
  A wyvern skeleton (D:13)
  4 wights
  A vampire bat (Lair:5)
  2 howler monkeys
  5 electric eels
  5 crimson imps
  4 jellies
  5 hounds
  11 orc wizards
  A gnoll shaman (D:5)
  13 orc priests
  3 bullfrog skeletons
  7 worker ants
  Natasha (twice) (D:4)
  4 iguanas
  2 hound skeletons (D:4)
  2 worker ant zombies (D:11)
  6 gnolls
  6 adders
  6 shadow imps
  3 oozes (D:1)
  An adder zombie (D:6)
  An adder skeleton (D:8)
  A worm (D:2)
  A dart slug (D:3)
  7 leopard geckos
  56 orcs
  3 giant cockroaches
  3 goblins
  5 hobgoblins
  10 jackals
  10 quokkas
  A ball python (D:4)
  13 bats
  5 frilled lizards
  A jackal skeleton (D:5)
  9 kobolds
  A leopard gecko zombie (D:9)
  A quokka skeleton (D:6)
  A quokka zombie (D:5)
  6 rats
  2 fungi
  4 plants
435 creatures vanquished.

Vanquished Creatures (collateral kills)
  An orc warlord (Orc:2)
  Josephine (Orc:1)
  6 hydras
  A centaur warrior (D:11)
  A two-headed ogre (D:13)
  2 death yaks (Lair:6)
  A tengu warrior (D:14)
  Sonja (Orc:1)
  Urug (Orc:2)
  2 orc high priests (Orc:2)
  4 skeletal warriors
  A harpy (Lair:6)
  2 manticores
  6 ugly things
  A cyclops (D:13)
  5 elephants
  2 centaur skeletons
  7 spiny frogs
  A black mamba (Lair:6)
  Maggie (D:6)
  A rime drake (Lair:6)
  5 komodo dragons
  3 trolls
  2 slime creatures (Lair:6)
  2 hornets (Lair:6)
  3 polar bears
  A wind drake (Lair:5)
  10 blink frogs
  3 hippogriffs
  4 dream sheep (Lair:4)
  A redback (Lair:3)
  32 yaks
  2 wraiths
  A wyvern (Lair:6)
  A hungry ghost (D:12)
  An acid dragon (D:13)
  2 wargs
  5 water moccasins
  3 porcupines
  2 hell hounds (Lair:6)
  An ice beast (D:5)
  16 orc warriors
  A phantom (D:5)
  A sky beast (D:9)
  A necrophage (D:12)
  7 wolves
  8 ogres
  3 centaurs (D:12)
  6 crocodiles
  2 big kobolds (D:9)
  Blork the orc (D:4)
  3 bullfrogs
  2 scorpions
  5 wights
  A vampire bat (Lair:5)
  3 crimson imps
  2 hounds
  A centaur zombie (D:6)
  4 jellies
  11 orc priests
  Natasha (D:4)
  5 orc wizards
  A worker ant (D:11)
  5 adders
  A gnoll (D:8)
  A shadow imp (D:7)
  An adder skeleton (D:5)
  A worm (D:5)
  2 leopard geckos (D:8)
  47 orcs
  4 bats
  3 giant cockroaches
  4 hobgoblins
  6 jackals
  A giant cockroach zombie (D:5)
  10 kobolds
  A leopard gecko skeleton (D:5)
  A rat (D:1)
  2 fungi
  A plant (Lair:6)
308 creatures vanquished.

Vanquished Creatures (others)
  Saint Roka (Orc:2)
  2 yaks (Lair:6)
  A water moccasin (Lair:5)
  An orc warrior (Orc:1)
  A bush (Lair:6)
  13 fungi
  60 plants
79 creatures vanquished.

Grand Total: 822 creatures vanquished

Notes
Turn   | Place    | Note
-------+----------+-------------------------------------------
     0 | D:1      | 15 the Barachi Summoner began the quest for the Orb.
     0 | D:1      | Reached XP level 1. HP: 13/13 MP: 3/3
     1 | D:1      | Found a runed translucent door.
   355 | D:1      | Reached skill level 5 in Summonings
   522 | D:1      | Reached XP level 2. HP: 16/19 MP: 5/5
   799 | D:1      | Reached skill level 1 in Fighting
   813 | D:1      | Learned a level 2 spell: Call Imp
   848 | D:1      | Reached XP level 3. HP: 7/26 MP: 2/6
   875 | D:1      | Learned a level 3 spell: Call Canine Familiar
  1835 | D:2      | Found a sparkling altar of Nemelex Xobeh.
  1967 | D:2      | Reached XP level 4. HP: 32/32 MP: 3/7
  1986 | D:2      | Reached skill level 1 in Maces & Flails
  2161 | D:3      | Found a shadowy altar of Dithmenos.
  2161 | D:3      | Found a radiant altar of Vehumet.
  2217 | D:3      | Found a shimmering blue altar of Sif Muna.
  2217 | D:3      | Found a hazy altar of Hepliaklqana.
  2226 | D:3      | Became a worshipper of Sif Muna the Loreminder
  2361 | D:3      | Reached skill level 1 in Armour
  2462 | D:3      | Found a shattered altar of Ashenzari.
  3070 | D:4      | Noticed an ogre
  3112 | D:4      | Reached XP level 5. HP: 37/37 MP: 9/9
  3117 | D:4      | Learned a level 3 spell: Summon Guardian Golem
  3147 | D:4      | Noticed an ogre
  3166 | D:4      | Found a staircase to the Ecumenical Temple.
  3317 | D:4      | Noticed Blork the orc
  3321 | D:4      | Killed an ogre
  3335 | D:4      | Killed Blork the orc
  3459 | D:4      | Killed an ogre
  3459 | D:4      | Reached skill level 1 in Invocations
  3459 | D:4      | Reached XP level 6. HP: 44/44 MP: 1/11
  3509 | D:4      | HP: 2/46 [orc priest/divine providence (10)]
  4129 | Temple   | Entered the Ecumenical Temple
  4283 | D:4      | Noticed Natasha
  4298 | D:4      | Killed Natasha
  4298 | D:4      | Reached * piety under Sif Muna
  4626 | D:4      | Noticed Natasha
  4639 | D:4      | Killed Natasha
  4732 | D:5      | Entered Level 5 of the Dungeon
  4800 | D:5      | Found a large runed translucent door.
  4800 | D:5      | Found a large runed translucent door.
  4800 | D:5      | Noticed Smoke131's ghost (novice OgHu)
  4805 | D:5      | Noticed a phantom
  4823 | D:5      | Killed a phantom
  4823 | D:5      | Reached XP level 7. HP: 16/51 MP: 7/13
  5139 | D:5      | Learned a level 4 spell: Summon Ice Beast
  5211 | D:5      | Noticed Eustachio
  5265 | D:5      | Killed Eustachio
  5265 | D:5      | Reached skill level 6 in Summonings
  5281 | D:5      | Found a transporter.
  5298 | D:5      | Found a transporter.
  5311 | D:5      | Found a snail-covered altar of Cheibriados.
  6053 | D:5      | Reached skill level 5 in Spellcasting
  6053 | D:5      | Reached XP level 8. HP: 45/58 MP: 1/15
  6059 | D:5      | Learned a level 4 spell: Summon Lightning Spire
  6237 | D:6      | Noticed Maggie
  6246 | D:6      | Reached ** piety under Sif Muna
  6259 | D:6      | Killed Maggie
  6259 | D:6      | Reached skill level 1 in Ice Magic
  6331 | D:6      | Found a bloodstained altar of Trog.
  6683 | D:6      | Reached XP level 9. HP: 65/66 MP: 9/17
  6707 | D:6      | Found a shimmering altar of Xom.
  6730 | D:6      | Reached skill level 1 in Evocations
  7380 | D:7      | Noticed Pikel
  7384 | D:7      | Killed Pikel
  7384 | D:7      | Reached skill level 5 in Armour
  7384 | D:7      | Reached skill level 5 in Dodging
  7543 | D:7      | Reached skill level 5 in Fighting
  8307 | D:8      | Reached *** piety under Sif Muna
  8527 | D:8      | Noticed a two-headed ogre
  8532 | D:8      | Killed a two-headed ogre
  8532 | D:8      | Reached skill level 7 in Summonings
  8532 | D:8      | Reached XP level 10. HP: 74/74 MP: 18/20
  9324 | D:9      | Found Wownoif's Assorted Antiques.
  9362 | D:9      | Bought a scroll of identify for 54 gold pieces
  9362 | D:9      | Bought a scroll of teleportation for 81 gold pieces
  9362 | D:9      | Bought a scroll of remove curse for 81 gold pieces
  9574 | D:9      | Found a sacrificial altar of Ru.
  9798 | D:9      | Found a sparkling altar of Nemelex Xobeh.
 10074 | D:9      | Got a scorched dagger
 10075 | D:9      | Identified the cursed +2 dagger of Japotsuci {drain, rElec}
                  | (You found it on level 9 of the Dungeon)
 10347 | D:10     | Entered Level 10 of the Dungeon
 10365 | D:10     | Noticed Psyche
 10373 | D:10     | Killed Psyche
 10378 | D:10     | Reached **** piety under Sif Muna
 10434 | D:10     | Noticed a two-headed ogre
 10440 | D:10     | Killed a two-headed ogre
 10440 | D:10     | Reached skill level 5 in Ice Magic
 10521 | D:10     | Learned a level 3 spell: Dazzling Flash
 10872 | D:10     | Found a runed translucent gate.
 10873 | D:10     | Found a runed translucent gate.
 10875 | D:10     | Found a runed translucent gate.
 10877 | D:10     | Noticed 15's ghost (journeyman BaSk)
 10877 | D:10     | Noticed a spectral centaur warrior
 11497 | D:11     | Found a runed translucent gate.
 11502 | D:11     | Found a runed translucent gate.
 11562 | D:11     | Noticed a centaur warrior
 11651 | D:11     | Killed a centaur warrior
 11651 | D:11     | Reached skill level 1 in Conjurations
 11651 | D:11     | Reached XP level 11. HP: 56/83 MP: 9/22
 11732 | D:11     | Noticed an oklob plant
 11748 | D:11     | Found a staircase to the Lair.
 11748 | D:11     | Noticed an oklob plant
 11755 | D:11     | Killed an oklob plant
 11755 | D:11     | Reached skill level 1 in Shields
 11779 | D:11     | Found a runed translucent gate.
 11784 | D:11     | Noticed Charmandara's ghost (journeyman OgNe)
 11788 | D:11     | Noticed a brown ugly thing
 11834 | D:11     | Identified the Reference Book on Twisted Orientation
 11842 | D:11     | Learned a level 5 spell: Borgnjor's Vile Clutch
 12094 | D:11     | Found a staircase to the Orcish Mines.
 12112 | D:11     | Noticed a six-headed hydra
 12127 | D:11     | Killed a six-headed hydra
 12127 | D:11     | Reached skill level 5 in Maces & Flails
 12142 | D:11     | Killed a brown ugly thing
 12169 | D:11     | Reached skill level 1 in Necromancy
 12402 | D:11     | Killed an oklob plant
 12402 | D:11     | Reached skill level 1 in Earth Magic
 12568 | D:12     | Found a portal to a secret trove of treasure.
 12963 | D:12     | Reached ***** piety under Sif Muna
 12992 | D:12     | Noticed a manticore
 13162 | D:12     | Killed a manticore
 13317 | D:12     | Identified 2 scrolls of acquirement
 13317 | D:12     | Identified the amulet "Wenwothi" {Gourm Dex+4} (You
                  | acquired it on level 12 of the Dungeon)
 13318 | D:12     | Identified the +0 helmet of the Purple Skies {rC++ MP+9
                  | Int-4} (You acquired it on level 12 of the Dungeon)
 13318 | D:12     | Identified the Catalogue of Boosts and Necromancy (You
                  | acquired it on level 12 of the Dungeon)
 13663 | D:13     | Noticed a two-headed ogre
 13675 | D:13     | Killed a two-headed ogre
 13746 | D:13     | Noticed a red ugly thing
 13759 | D:13     | Killed a red ugly thing
 13759 | D:13     | Identified Sif Muna's Disquisition on Sinister Rites and
                  | Hexes (Sif Muna gifted it to you on level 13 of the
                  | Dungeon)
 13759 | D:13     | Received a gift from Sif Muna
 13759 | D:13     | Reached skill level 5 in Invocations
 14099 | D:13     | Found a shattered altar of Ashenzari.
 14209 | D:13     | Noticed a cyclops
 14219 | D:13     | Killed a cyclops
 14222 | D:13     | Noticed a cyclops
 14229 | D:13     | Reached skill level 8 in Summonings
 14249 | D:13     | Killed a cyclops
 14249 | D:13     | Reached XP level 12. HP: 80/90 MP: 1/24
 14419 | D:13     | Got a jewelled chain mail
 14429 | D:13     | Identified the +3 chain mail "Qasask" {rC+} (You found it
                  | on level 13 of the Dungeon)
 14581 | D:13     | Noticed Jorgrun
 14906 | D:13     | Killed Jorgrun
 14906 | D:13     | Reached skill level 5 in Evocations
 16349 | D:14     | Noticed a centaur warrior
 16699 | D:14     | Noticed a tengu warrior
 16700 | D:14     | Upgraded the game from 0.25-a0-566-g062765b to
                  | 0.25-a0-571-gb5e01bd
 16889 | D:14     | Killed a tengu warrior
 17360 | D:14     | Killed a centaur warrior
 17586 | D:14     | Noticed Louise
 18045 | D:14     | Noticed a death knight
 18188 | Lair:1   | Entered Level 1 of the Lair of Beasts
 18192 | Lair:1   | Upgraded the game from 0.25-a0-571-gb5e01bd to
                  | 0.25-a0-576-g50b708a
 18244 | Lair:1   | Gained mutation: You can hop long distances. [Barachi
                  | growth]
 18244 | Lair:1   | Reached XP level 13. HP: 92/98 MP: 11/25
 18377 | Lair:1   | Got a bloodstained hand crossbow
 18378 | Lair:1   | Identified the +1 hand crossbow of Miorozuh {vorpal, rPois
                  | rC+ rN+ MR+} (You found it on level 1 of the Lair of
                  | Beasts)
 18897 | D:4      | Noticed Natasha
 18904 | D:4      | Killed Natasha
 19246 | Lair:1   | Found the +8 trident of the Octopus King {venom, rElec
                  | rPois MR+}
 20109 | Lair:1   | Reached skill level 5 in Stealth
 20744 | Lair:2   | Found a white marble altar of Elyvilon.
 21575 | Lair:3   | Found a hole to the Spider Nest.
 21628 | Lair:3   | Reached skill level 9 in Summonings
 22025 | Lair:3   | Found a staircase to the Swamp.
 24045 | Lair:4   | Reached skill level 1 in Air Magic
 24331 | Lair:4   | Reached skill level 5 in Earth Magic
 24931 | Lair:4   | Learned a level 5 spell: Summon Mana Viper
 26036 | Lair:5   | Received a gift from Sif Muna
 26043 | Lair:5   | Learned a level 3 spell: Mephitic Cloud
 26046 | Lair:5   | Learned a level 2 spell: Slow
 26810 | Lair:6   | Entered Level 6 of the Lair of Beasts
 27188 | Lair:6   | Reached XP level 14. HP: 99/106 MP: 5/27
 28256 | Lair:6   | Reached skill level 10 in Summonings
 28385 | Lair:6   | Reached skill level 5 in Shields
 29103 | Lair:6   | Found a staircase to the Slime Pits.
 29317 | Lair:6   | Reached skill level 5 in Conjurations
 29472 | Lair:6   | Identified the cursed +0 scale mail of the Everdark {Str+3
                  | Int-4 Slay+3} (You found it on level 6 of the Lair of
                  | Beasts)
 29477 | Lair:6   | Identified the +7 great sword of Haiwac {holy, rPois Int+7
                  | Dex-5 Stlth-} (You found it on level 6 of the Lair of
                  | Beasts)
 29503 | Lair:6   | Identified Cuhop's Catalogue of Glacial Intoxication (You
                  | acquired it on level 6 of the Lair of Beasts)
 29503 | Lair:6   | Identified the amulet "Wobromes" {Acrobat rC+} (You
                  | acquired it on level 6 of the Lair of Beasts)
 29829 | Lair:6   | Learned a level 3 spell: Ignite Poison
 30000 | Orc:1    | Entered Level 1 of the Orcish Mines
 30001 | Orc:1    | Noticed Erica
 30023 | Orc:1    | Killed Erica
 30201 | Orc:1    | Noticed Sonja
 30263 | Orc:1    | Killed Sonja
 30534 | Orc:1    | Reached skill level 10 in Spellcasting
 30540 | Orc:1    | Noticed Josephine
 30549 | Orc:1    | Killed Josephine
 30792 | Orc:2    | Entered Level 2 of the Orcish Mines
 31039 | Orc:2    | Identified Orouhof's Volume of Execration and Summoning
                  | (Sif Muna gifted it to you on level 2 of the Orcish Mines)
 31039 | Orc:2    | Received a gift from Sif Muna
 31091 | Orc:2    | Noticed Saint Roka
 32097 | Orc:2    | Killed Saint Roka
 32297 | Orc:2    | Noticed Nessos
 32314 | Orc:2    | Killed Nessos
 32314 | Orc:2    | Reached skill level 11 in Summonings
 32595 | Orc:2    | Reached XP level 15. HP: 41/113 MP: 24/29
 33075 | Orc:2    | Noticed Urug
 33086 | Orc:2    | Killed Urug
 33447 | Orc:2    | Found a staircase to the Elven Halls.
 33553 | Orc:2    | Noticed an orc warlord
 33587 | Orc:2    | Killed an orc warlord
 33610 | Orc:2    | Identified Sif Muna's Incunabulum of Clay (Sif Muna gifted
                  | it to you on level 2 of the Orcish Mines)
 33610 | Orc:2    | Received a gift from Sif Muna
 33982 | Orc:2    | Reached skill level 1 in Polearms
 34148 | Orc:2    | Found a roughly hewn altar of Beogh.
 34572 | Orc:2    | Found Ririg's Distillery.
 34604 | Orc:2    | Bought a potion of curing for 39 gold pieces
 34604 | Orc:2    | Bought a potion of heal wounds for 65 gold pieces
 34604 | Orc:2    | Bought a potion of curing for 39 gold pieces
 34604 | Orc:2    | Bought a potion of heal wounds for 65 gold pieces
 34604 | Orc:2    | Bought a potion of haste for 130 gold pieces
 34604 | Orc:2    | Bought a potion of curing for 39 gold pieces
 34604 | Orc:2    | Bought a potion of heal wounds for 65 gold pieces
 34604 | Orc:2    | Bought a potion of brilliance for 52 gold pieces
 34644 | Orc:2    | Found Boruz's Book Boutique.
 34667 | Orc:2    | Reached skill level 10 in Ice Magic
 34773 | Orc:2    | HP: 3/113 [something/ball of steam[an orc high priest]
                  | (23)]
 34774 | Orc:2    | Incinerated by a smoke demon

Levels and vault maps discovered:
D:1:      dpeg_arrival_caged_fury, layout_basic
D:2:      layout_loops_corners, marbit_many_paths, first_ration,
          minmay_pentomino_w2
D:3:      layout_loops_cross, grunt_temple_overflow_open,
          evilmike_ruin_ashenzari
D:4:      layout_rooms, minmay_temple_entry_water_ring, uniq_blork_the_orc,
          uniq_natasha
D:5:      gammafunk_wand_slinger, layout_basic, nicolae_overflow_crystal_walls,
          ebering_ghost_disaster_area, uniq_eustachio
D:6:      layout_basic, trog_ov_bears_minmay, lemuel_crystal_altar,
          serial_curves, eino_curves_04, eino_curves_03, serial_park_tiny_1,
          uniq_maggie
D:7:      layout_loops_ring, uniq_pikel
D:8:      layout_loops_corners, grunt_ogre_cave
D:9:      layout_irregular_city, overflow_temple_1_default, serial_shops,
          nicolae_shop_overgrown_old_shop, basic_altar
D:10:     layout_long_grid, gammafunk_ghost_necromancy, grunt_ministairs_15,
          uniq_psyche
D:11:     layout_basic, dpeg_oklobed_lair, orc_0_dummy,
          gammafunk_ghost_necromancy
D:12:     layout_roguey, nicolae_trove_entry_free_sample, st_stairs_11
D:13:     layout_stronghold, basic_altar, hangedman_batty, uniq_jorgrun
D:14:     layout_cave_pools, skrybe_vaults_entry_preservation,
          ebering_ghost_disaster_area, serial_column_ruins, column_ruins_hut,
          column_ruins_temple_hall, column_ruins_columns_corner,
          column_ruins_corridor_corner, column_ruins_corridor_straight,
          column_ruins_grid_1, column_ruins_corridor_corner, minmay_checkerbox,
          uniq_louise, uniq_azrael
Temple:   minmay_temple_bridge_abc
Lair:1:   layout_cave_pods
Lair:2:   layout_cave_pods, basic_altar, eino_small_chamber_without_monster,
          serial_bayou_shore_b, serial_bayou_shore_b
Lair:3:   cheibrodos_lair_river_kwai, layout_cave_pods, swamp_mist,
          spider_nest_entry_webs
Lair:4:   layout_cave_pods, beast_lair_carwin_10, grunt_megastairs_3
Lair:5:   layout_hall_layers, small_statue_intersection, roderic_batcave,
          serial_bayou_lake_a
Lair:6:   gammafunk_lair_ancient_temple, layout_misc_corridors,
          minmay_slime_entry_pillars, enter_volcano_3, st_stairs_13,
          serial_bayou_lagoon_b
Orc:1:    layout_caves, uniq_erica, uniq_josephine, uniq_sonja
Orc:2:    pubby_orc_utopia, uniq_nessos, uniq_saint_roka, uniq_urug

Skill      XL: |  1  2  3  4  5  6  7  8  9 10 11 12 13 14 15 |
---------------+----------------------------------------------+-----
Summonings     | 5 6 7 8 9 11 | 11.2
Fighting       | 1 2 3 4 5 6 7 8 9 |  9.3
Stealth        | 2 3 4 5 |  5.1
Maces & Flails | 1 2 3 4 5 6 |  6.0
Armour         | 1 3 4 5 6 7 8 9 |  9.2
Dodging        | 3 4 5 6 7 8 9 |  9.5
Spellcasting   | 3 4 5 6 7 8 9 10 | 10.5
Invocations    | 1 2 3 4 5 6 |  6.9
Ice Magic      | 2 4 5 6 7 9 10 | 10.0
Evocations     | 2 4 5 6 7 |  7.8
Conjurations   | 1 2 3 4 5 |  5.8
Shields        | 2 3 4 5 6 |  6.1
Necromancy     | 2 4 |  4.4
Earth Magic    | 2 4 5 |  5.1
Air Magic      | 1 |  1.4
Polearms       | 1 |  1.2
Short Blades   | |  0.3
Hexes          | |  0.6

Action                   |  1- 3 |  4- 6 |  7- 9 | 10-12 | 13-15 || total
-------------------------+-------+-------+-------+-------+-------++-------
Melee: Unarmed           |    15 |       |       |       |       ||    15
       Short sword       |     8 |       |       |       |       ||     8
       Whip              |    76 |   133 |   254 |   592 |   105 ||  1160
       Dagger            |       |       |       |    13 |   136 ||   149
       Trident           |       |       |       |       |   651 ||   651
       Great sword       |       |       |       |       |    13 ||    13
 Fire: Hand crossbow     |       |       |       |       |    26 ||    26
 Cast: Summon Small Mamm |    12 |    11 |       |     2 |     5 ||    30
       Call Imp          |     3 |     9 |    21 |     4 |    50 ||    87
       Call Canine Famil |     2 |    15 |    13 |    12 |    28 ||    70
       Summon Guardian G |       |     3 |     2 |     6 |    10 ||    21
       Summon Ice Beast  |       |       |     6 |   122 |   206 ||   334
       Summon Lightning  |       |       |     3 |    22 |    49 ||    74
       Summon Mana Viper |       |       |       |       |     1 ||     1
       Mephitic Cloud    |       |       |       |       |    22 ||    22
       Ignite Poison     |       |       |       |       |     8 ||     8
       Slow              |       |       |       |       |     3 ||     3
       Dazzling Flash    |       |       |       |       |     2 ||     2
       Borgnjor's Vile C |       |       |       |       |     2 ||     2
Invok: Forget Spell      |       |       |       |       |     1 ||     1
       Channel Magic     |       |       |       |       |     2 ||     2
 Abil: Hop               |       |       |     1 |     3 |    27 ||    31
Evoke: Wand              |       |       |    34 |    45 |    58 ||   137
       Lightning rod     |       |       |       |       |    10 ||    10
       Lamp of fire      |       |       |       |       |     1 ||     1
  Use: Scroll            |     5 |     5 |     1 |    24 |    23 ||    58
       Potion            |       |       |     3 |     4 |    10 ||    17
 Stab: Sleeping          |     4 |     2 |     2 |     6 |     6 ||    20
       Distracted        |       |     2 |     1 |     5 |    14 ||    22
       Confused          |       |       |     2 |       |     4 ||     6
       Invisible         |       |       |       |       |     2 ||     2
  Eat: Chunk             |     5 |     9 |    13 |    31 |    60 ||   118
       Ration            |       |     1 |     1 |     7 |     6 ||    15
Armor: Robe              |    25 |    31 |    44 |    21 |     4 ||   125
       Acid dragon scale |       |       |       |   165 |   245 ||   410
       Skin              |       |       |       |    16 |       ||    16
Dodge: Dodged            |    86 |    98 |   168 |   386 |   755 ||  1493
Block: Buckler           |       |       |       |       |     4 ||     4
       Rpst.: Great sword |       |       |       |       |     2 ||     2

Table legend:
 A = Non-vault XP
 B = Vault XP
 C = Vault XP percentage of total XP
 D = Non-vault monster count
 E = Vault monster count
 F = Vault count percentage of total count
                 A         B        C        D         E       F
            +---------+---------+-------+---------+---------+-------
      Total |   53283 |   41448 |  43.8 |     481 |     257 |  34.8
            +---------+---------+-------+---------+---------+-------
        D:1 |      14 |      30 |  68.2 |      11 |      11 |  50.0
        D:2 |      42 |       3 |   6.7 |      17 |       2 |  10.5
        D:3 |      59 |       0 |   0.0 |      19 |       0 |   0.0
        D:4 |     356 |      79 |  18.2 |      25 |       2 |   7.4
        D:5 |     536 |     240 |  30.9 |      30 |       6 |  16.7
        D:6 |     726 |     582 |  44.5 |      20 |       3 |  13.0
        D:7 |     570 |     617 |  52.0 |      14 |       1 |   6.7
        D:8 |    1406 |     121 |   7.9 |      25 |       1 |   3.8
        D:9 |    1111 |       0 |   0.0 |      31 |       0 |   0.0
       D:10 |    1404 |     547 |  28.0 |      17 |       2 |  10.5
       D:11 |    3216 |    1130 |  26.0 |      27 |       2 |   6.9
       D:12 |    2633 |     243 |   8.4 |      27 |       4 |  12.9
       D:13 |    4487 |    5225 |  53.8 |      27 |      14 |  34.1
       D:14 |    5386 |     976 |  15.3 |      15 |       5 |  25.0
     Lair:1 |    2388 |       0 |   0.0 |      24 |       0 |   0.0
     Lair:2 |    2459 |       0 |   0.0 |      11 |       0 |   0.0
     Lair:3 |    2969 |    2288 |  43.5 |      18 |      10 |  35.7
     Lair:4 |    5252 |    1779 |  25.3 |      30 |      11 |  26.8
     Lair:5 |    3271 |    1018 |  23.7 |      19 |      11 |  36.7
     Lair:6 |   13139 |    6871 |  34.3 |      48 |      31 |  39.2
      Orc:1 |    1859 |    3304 |  64.0 |      26 |      26 |  50.0
      Orc:2 |       0 |   16395 | 100.0 |       0 |     115 | 100.0
            +---------+---------+-------+---------+---------+-------
